AoeStats
← Aleksander Tiriev

Black Forest

509908912Analyzed
2v2 RM · 5d ago on Sep 28, 2026· 43m 42s· 4 players
Game mode
Random Map
Map size
Medium (4 player)
Population
200
Speed
Normal
Resources
Standard
Victory
Conquest
Starting age
Dark Age
Ending age
Imperial Age
RankedLock teamsTeams togetherTeam positionsShared explorationLock speedFull tech treeHidden civsTurbo modeCheats
Victory
Defeat
🇮🇳 Teutons · India
816
+16
🇨🇳 Khmer · China
810
+16
🇪🇸 Malay · Spain
875
-19
🇪🇸 Vikings · Spain
746
-13
Draek
0:28 Loom
13:38 Feudal Age
20:58 Castle Age
19:47 Horse Collar
20:04 Gold Mining
20:10 Fletching
25:19 Crossbowman
28:01 Padded Archer Armor
29:24 Double-Bit Axe
31:35 Wheelbarrow
32:09 Bodkin Arrow
32:03 Town Watch
33:20 Leather Archer Armor
34:06 Thumb Ring
39:14 Gold Shaft Mining
38:30 Stone Mining
Aleksander Tiriev
13:32 Feudal Age
14:06 Horse Collar
21:36 Castle Age
21:16 Fishing Lines
22:47 Forging
22:37 Scale Mail Armor
23:44 Heavy Plow
26:47 Double-Bit Axe
29:51 Bow Saw
32:32 Imperial Age
32:44 Caravan
33:15 Coinage
35:22 Elite Berserk
36:49 Gold Mining
36:53 Stone Mining
38:06 Two-Man Saw
38:09 Squires
37:29 Pikeman
38:33 Chain Mail Armor
38:53 Iron Casting
39:03 Gold Shaft Mining
39:25 Elite Varangian Guard
41:21 Crop Rotation
devil
0:49 Loom
15:19 Feudal Age
20:39 Castle Age
19:12 Double-Bit Axe
19:10 Horse Collar
22:42 Heavy Plow
23:41 Bow Saw
30:08 Imperial Age
29:16 Wheelbarrow
30:58 Wheelbarrow
30:22 Man-at-Arms
31:41 Elite Skirmisher
32:57 Long Swordsman
33:52 Bloodlines
35:54 Chemistry
35:12 Forging
34:52 Fletching
35:03 Padded Archer Armor
35:08 Scale Barding Armor
35:52 Squires
35:13 Two-Handed Swordsman
36:58 Scale Mail Armor
37:35 Iron Casting
37:52 Ballistics
41:45 Caravan
41:29 Champion
41:34 Pikeman
断天泪
9:42 Feudal Age
14:15 Double-Bit Axe
19:49 Castle Age
17:39 Horse Collar
18:51 Fishing Lines
19:15 Gold Mining
19:43 Stone Mining
23:20 Gillnets
25:24 Bow Saw
25:41 Heavy Plow
29:14 Imperial Age
27:27 Gold Shaft Mining
27:27 Stone Shaft Mining
26:59 Loom
27:49 Wheelbarrow
26:59 Town Watch
29:19 Fortified Wall
31:33 Chemistry
31:00 Hand Cart
30:45 Town Patrol
31:35 Crop Rotation
31:46 Bloodlines
31:36 Husbandry
30:57 Light Cavalry
32:29 Conscription
34:28 Ballistics
35:00 Fletching
35:11 Padded Archer Armor
36:49 Bodkin Arrow
37:09 Leather Archer Armor
36:18 Elite Ballista Elephant
37:26 Conscription
36:31 Hussar
37:41 Caravan
37:52 Double Crossbow
39:30 Ring Archer Armor
39:17 Bracer
41:50 Forging
41:45 Scale Barding Armor
42:48 Chain Barding Armor
43:21 Iron Casting
Connection lost

Rejoining the realm…

Still unreachable

The connection could not be restored.

Session expired

The server has moved on; the page needs a fresh start.